 Dungeon Sprint DCSS version 0.30.1-11-g7821555f0a (webtiles) character file.

Game seed: 9174649487404755877

2704 Groucho the Thaumaturge (level 9, -4/49 HPs)
             Began as a Deep Elf Earth Elementalist on Jan 8, 2024.
             Was a High Priest of Sif Muna.
             Killed from afar by an air elemental (11 damage)
             ... with a stunning burst
             ... while paralysed by an air elemental
             ... in the Dungeon (Sprint VII: "The Pits").
             The game lasted 00:08:01 (4000 turns).

Groucho the Thaumaturge (DEEE)                      Turns: 4000, Time: 00:08:02

Health: -4/49      AC:  4    Str:  5    XL:     9   Next: 39%
Magic:  16/27      EV:  2    Int: 28    God:    Sif Muna [*****.]
Gold:   0          SH:  0    Dex: 18    Spells: 24/32 levels left

rFire   . . .        h - +2 dagger
rCold   . . .        (no shield)
rNeg    . . .        a - +0 robe
rPois   .            r - +0 helmet
rElec   .            (no cloak)
rCorr   .            (no gloves)
SInv    .            q - +0 pair of boots
Will    .....        (no amulet)
Stlth   +++          l - +3 ring of dexterity
HPRegen 0.28/turn    m - +3 ring of intelligence
MPRegen 0.20/turn

%: no teleportation
@: paralysed
A: no striking features
a: Renounce Religion, Channel Magic, Forget Spell, Divine Exegesis


You were in the Dungeon.
You worshipped Sif Muna.
Sif Muna was extremely pleased with you.
You visited 1 branch

Inventory:

Hand Weapons
 h - a +2 dagger (weapon)
 p - a +2 rapier of distortion
Armour
 a - a +0 robe (worn)
 q - a +0 pair of boots (worn)
 r - a +0 helmet (worn)
Jewellery
 l - a +3 ring of dexterity (left hand)
 m - a +3 ring of intelligence (right hand)
Scrolls
 j - 5 scrolls of amnesia
 k - a scroll of butterflies
Potions
 b - 5 potions of magic
 c - 7 potions of curing
 d - 9 potions of heal wounds
 f - 4 potions of berserk rage
 i - 2 potions of invisibility
 n - 2 potions of brilliance
 o - a potion of might


   Skills:
 + Level 2.7 Fighting
 + Level 3.3 Short Blades
 + Level 3.0 Armour
 + Level 4.9 Dodging
 + Level 5.3 Stealth
 - Level 12.0 Spellcasting
 + Level 11.0 Conjurations
 + Level 9.0 Transmutations
 + Level 11.6 Earth Magic
 + Level 8.9 Invocations


You had 24 spell levels left.
You knew the following spells:

 Your Spells              Type           Power      Damage    Failure   Level
a - Sandblast             Erth           100%       2d20      1%          1
b - Stone Arrow           Conj/Erth      100%       3d13      1%          3
c - Petrify               Tmut/Erth      65%        N/A       1%          4

Your spell library contained the following spells:

 Spells                   Type           Power      Damage    Failure   Level
 Passwall                 Tmut/Erth      54%        N/A       1%          2
 Animate Armour           Summ/Erth      98%        N/A       3%          4
 Iskenderun's Mystic Bla  Conj/Tloc      47%        2d10      3%          4
 Airstrike                Air            8%         2d(2-18)  32%         4
 Animate Dead             Necr           16%        N/A       32%         4
 Manifold Assault         Tloc           16%        N/A       32%         4
 Passage of Golubria      Tloc           16%        N/A       32%         4


Dungeon Overview and Level Annotations

Branches:
Dungeon (1/1)

Altars:
Ashenzari
Cheibriados
Dithmenos
Elyvilon
Fedhas
Gozag
Hepliaklqana
Kikubaaqudgha
Makhleb
Nemelex Xobeh
Okawaru
Qazlal
Ru
Sif Muna
Trog
Uskayaw
Vehumet
Wu Jian
Xom
Yredelemnul
Zin
The Shining One
Jiyva
Lugonu


Message History

Casting: Petrify (dangerous; 1% risk of failure)
Confirm with . or Enter, or press ? or * to list all spells.
Aiming: Stone Arrow (safe; 1% risk of failure)
Press: ? - help, Shift-Dir - straight line, f - air elemental, p - orc warrior
Aim: an air elemental (wandering, hasn't noticed you, 55% to hit)
The stone arrow hits the air elemental!
The air elemental is heavily damaged.
The air elemental fires a burst of electricity at you.
The stunning burst misses you. The orc closely misses you.
The air elemental hits you.
Unknown command.
Casting: Stone Arrow (safe; 1% risk of failure)
Confirm with . or Enter, or press ? or * to list all spells.
Aiming: Stone Arrow (safe; 1% risk of failure)
Press: ? - help, Shift-Dir - straight line, f/p - air elemental
Aim: an air elemental (heavily damaged, 55% to hit)
The stone arrow hits the air elemental!
The air elemental is almost destroyed.
The air elemental fires a burst of electricity at you.
The stunning burst hits you.
You suddenly lose the ability to move!
The orc hits you from afar with a +0 trident.
The air elemental hits you!
* * * LOW HITPOINT WARNING * * *
You can move again.
Unknown command.
Unknown command.
You feel much better.
The air elemental fires a burst of electricity at you.
The stunning burst hits you.
You shrug off the repeated paralysis!
The air elemental misses you.
The orc hits you from afar with a +0 trident.
The air elemental hits you!
Unknown command.
Unknown command.
The air elemental fires a burst of electricity at you.
The stunning burst hits you!
You suddenly lose the ability to move!
* * * LOW HITPOINT WARNING * * *
The air elemental fires a burst of electricity at you.
The stunning burst hits you!
You die...

#_________.# #_________.#
#_______...###########++######
##########'##................#
#.?(.')))'.##......#..#......#
##########.##................+
#......)....'................+
#'#####'#####....Eo#..#......#
#.#..#..#..##...@.o.)........#
#.#†.)..'..#####'#####''######
#.##)####+###.......##''#
#.#).......##.......##K)#
#.#........##.......##..# #
#.#####'#####...<...##..# .##
#.#..[)))..##.......##..# ..o#
#.#..[)))..##.......##.o## ...Y.
#'###########.......##...##..o.e.


You could see an air elemental, an orc warrior (petrified) and an orc.

Vanquished Creatures
  A death yak (D)
  A sea snake (D)
  A deep elf zephyrmancer (D)
  A guardian mummy (D)
  A flying skull (D)
  A wyvern (D)
  2 ice beasts (D)
  2 wolves (D)
  A scorpion (D)
  A necrophage (D)
  2 orc priests (D)
  A mummy (D)
  A gnoll (D)
  2 white imps (D)
  6 orcs (D)
  A bat skeleton (D)
  A bat zombie (D)
  An endoplasm (D)
  A giant cockroach (D)
  A quokka (D)
  A frilled lizard (D)
  2 kobolds (D)
  A quokka skeleton (D)
  A rat (D)
34 creatures vanquished.

Notes
Turn   | Place    | Note
-------+----------+-------------------------------------------
     0 | D        | Groucho the Deep Elf Earth Elementalist began the quest for
                  | the Orb.
     0 | D        | Reached XP level 1. HP: 10/10 MP: 6/6
    35 | D        | Found a glowing golden altar of the Shining One.
    35 | D        | Found a glowing silver altar of Zin.
    35 | D        | Found a basalt altar of Yredelemnul.
    35 | D        | Found a shimmering altar of Xom.
    35 | D        | Found an ornate altar of the Wu Jian Council.
    35 | D        | Found a bloodstained altar of Trog.
    35 | D        | Found a shimmering blue altar of Sif Muna.
    35 | D        | Found a sacrificial altar of Ru.
    35 | D        | Found a stormy altar of Qazlal.
    35 | D        | Found an iron altar of Okawaru.
    35 | D        | Found a sparkling altar of Nemelex Xobeh.
    35 | D        | Found a burning altar of Makhleb.
    35 | D        | Found a viscous altar of Jiyva.
    35 | D        | Found a hazy altar of Hepliaklqana.
    35 | D        | Found an opulent altar of Gozag.
    35 | D        | Found a blossoming altar of Fedhas.
    35 | D        | Found a white marble altar of Elyvilon.
    35 | D        | Found a shadowy altar of Dithmenos.
    35 | D        | Found a snail-covered altar of Cheibriados.
    36 | D        | Found a radiant altar of Vehumet.
    36 | D        | Found a corrupted altar of Lugonu.
    37 | D        | Found an ancient bone altar of Kikubaaqudgha.
    37 | D        | Found a hide-covered altar of Uskayaw.
    37 | D        | Found a broken altar of Ashenzari.
    38 | D        | Became a worshipper of Sif Muna the Loreminder
    51 | D        | Reached skill level 1 in Conjurations
   227 | D        | Noticed a scorpion
   232 | D        | Killed a scorpion
   232 | D        | Reached * piety under Sif Muna
   233 | D        | Reached skill level 5 in Spellcasting
   233 | D        | Reached skill level 5 in Conjurations
   233 | D        | Reached XP level 2. HP: 15/15 MP: 2/10
   233 | D        | Reached XP level 3. HP: 19/19 MP: 2/11
   652 | D        | Reached XP level 4. HP: 24/24 MP: 10/13
   652 | D        | Reached ** piety under Sif Muna
   666 | D        | Reached skill level 6 in Spellcasting
   714 | D        | Reached *** piety under Sif Muna
   766 | D        | Noticed a wolf
   767 | D        | Noticed an ice beast
   777 | D        | Learned a level 3 spell: Stone Arrow
   782 | D        | Killed a wolf
   783 | D        | Reached skill level 7 in Spellcasting
   783 | D        | Reached XP level 5. HP: 28/28 MP: 8/16
  1074 | D        | Reached **** piety under Sif Muna
  1076 | D        | Killed an ice beast
  1077 | D        | Reached skill level 8 in Spellcasting
  1077 | D        | Reached XP level 6. HP: 32/32 MP: 1/19
  1252 | D        | Noticed a flying skull
  1256 | D        | Killed a flying skull
  1257 | D        | Reached skill level 9 in Spellcasting
  1257 | D        | Reached skill level 5 in Transmutations
  1257 | D        | Reached skill level 5 in Invocations
  1485 | D        | Noticed an ice beast
  1489 | D        | Killed an ice beast
  1490 | D        | Reached XP level 7. HP: 25/36 MP: 14/21
  1662 | D        | Reached ***** piety under Sif Muna
  2005 | D        | Received a gift from Sif Muna
  2009 | D        | Got Sif Muna's Second Course in Theurgy {god gift}
  2015 | D        | Learned a level 4 spell: Petrify
  2172 | D        | Noticed a sea snake
  2175 | D        | Noticed a wyvern
  2185 | D        | Killed a wyvern
  2186 | D        | Reached skill level 10 in Spellcasting
  2186 | D        | Reached skill level 10 in Earth Magic
  2186 | D        | Killed a sea snake
  2187 | D        | Reached skill level 11 in Spellcasting
  2187 | D        | Reached skill level 10 in Conjurations
  2187 | D        | Reached XP level 8. HP: 26/41 MP: 0/25
  2821 | D        | Noticed a guardian mummy
  3145 | D        | Killed a guardian mummy
  3146 | D        | Reached skill level 1 in Fighting
  3146 | D        | Reached skill level 1 in Short Blades
  3146 | D        | Reached skill level 1 in Armour
  3423 | D        | Noticed a death yak
  3452 | D        | Killed a death yak
  3453 | D        | Reached XP level 9. HP: 33/48 MP: 4/26
  3479 | D        | Noticed an orc sorcerer
  3479 | D        | Noticed an elephant
  3479 | D        | Noticed a deep elf zephyrmancer
  3479 | D        | Paralysed by an air elemental for 1 turns
  3486 | D        | Paralysed by an air elemental for 1 turns
  3576 | D        | Killed a deep elf zephyrmancer
  3577 | D        | Reached skill level 5 in Stealth
  3577 | D        | Reached skill level 12 in Spellcasting
  3998 | D        | Paralysed by an air elemental for 1 turns
  4000 | D        | Paralysed by an air elemental for 1 turns
  4000 | D        | Killed from afar by an air elemental

Illustrated notes

Levels and vault maps discovered:
D:        pitsprint [storerooms_1, entrance_room_1, metal_vault_3, armoury_2,
          mini_pit_1, grid_room_1, main_hall_1, silver_pit, the_coven_2,
          the_vestibule_1, steel_vault_1, golden_pit, hallway_of_sentries,
          crystal_vault_1, iron_vault_4, final_vault]

Skill      XL: |  1  2  3  4  5  6  7  8  9 |
---------------+----------------------------+-----
Conjurations   | 5 7 8 10 11 | 11.0
Spellcasting   | 5 7 8 9 11 12 | 12.0
Earth Magic    | 6 8 9 10 11 | 11.6
Transmutations | 3 4 6 8 9 |  9.0
Invocations    | 2 4 5 7 8 |  8.9
Fighting       | 2 |  2.7
Short Blades   | 2 3 |  3.3
Armour         | 2 3 |  3.0
Dodging        | 4 |  4.9
Stealth        | 4 5 |  5.3

Action                     |  1- 3 |  4- 6 |  7- 9 || total
---------------------------+-------+-------+-------++-------
  Melee: Dagger            |       |       |     2 ||     2
   Cast: Sandblast         |     9 |    10 |     1 ||    20
         Stone Arrow       |       |    12 |    32 ||    44
         Petrify           |       |       |     3 ||     3
 Invoke: Channel Magic     |       |       |     1 ||     1
    Use: Potion            |       |       |     4 ||     4
         Scroll            |       |       |     1 ||     1
   Stab: Petrified         |       |       |     2 ||     2
 Armour: Robe              |     1 |     1 |     1 ||     3
  Dodge: Dodged            |     2 |     4 |     9 ||    15
